 Dungeon Crawl Stone Soup version 0.31-a0-358-gac0dbeb3ab (webtiles) character file.

Game seed: 3351274143344813275

25 Locuples the Chopper (level 2, -11/24 HPs)
             Began as a Minotaur Berserker on July 25, 2023.
             Was a Follower of Hepliaklqana.
             Mangled by a polar bear (20 damage)
             ... created by the rage of Trog
             ... on level 1 of the Dungeon.
             The game lasted 00:01:57 (284 turns).

Locuples the Chopper (Minotaur Berserker)            Turns: 284, Time: 00:01:58

Health: -11/24     AC:  8    Str: 21    XL:     2   Next: 86%
Magic:  1/1        EV:  8    Int:  4    God:    Hepliaklqana [*.....]
Gold:   39         SH:  0    Dex:  9    Spells: 1/1 levels left

rFire   . . .        a - +0 hand axe
rCold   . . .        (no shield)
rNeg    . . .        f - +0 chain mail
rPois   .            (helmet restricted)
rElec   .            (no cloak)
rCorr   .            (no gloves)
SInv    .            (no boots)
Will    .....        (no amulet) Stlth
                     (no ring)
HPRegen 0.24/turn    (no ring)
MPRegen 0.07/turn

%: no passive effects
@: no status effects
A: reduced essence, horns 2, retaliatory headbutt
a: Renounce Religion, Recall Ancestor, Ancestor Identity


You were on level 1 of the Dungeon.
You worshipped Hepliaklqana.
Hepliaklqana was aware of your devotion.
You visited 1 branch of the dungeon, and saw 1 of its levels.

You collected 39 gold pieces.

Inventory:

Hand Weapons
 a - a +0 hand axe (weapon)
Armour
 f - a +0 chain mail (worn)
Scrolls
 c - 2 scrolls of enchant weapon {unknown}
 e - 4 scrolls of identify {unknown}
Potions
 b - a potion of mutation {unknown}


   Skills:
 + Level 4.2 Fighting
 + Level 4.3 Axes
 + Level 2.6 Armour
 + Level 2.3 Dodging


You had one spell level left.
You didn't know any spells.
Your spell library was empty.

Dungeon Overview and Level Annotations

Branches:
Dungeon (1/15)

Altars:
Hepliaklqana


Innate Abilities, Weirdness & Mutations

Your life essence is reduced to manifest your ancestor. (-10% HP)
You have a pair of horns on your head.
You reflexively headbutt those who attack you in melee.


Message History

You closely miss the quokka.
The quokka is heavily wounded.
Cihuaton hits the quokka but does no damage.
The quokka bites you.
You barely miss the quokka.
The quokka is heavily wounded.
The quokka barely misses you. You furiously retaliate!
You headbutt the quokka.
You kill the quokka!
Trog sends monsters to punish you.
A black bear and 2 polar bears come into view.
A bat comes into view.
Cihuaton closely misses the polar bear.
The polar bear attacks as you move away!
The polar bear bites you but does no damage.
The polar bear closely misses you. The polar bear claws you.
Cihuaton hits the polar bear.
The polar bear bites Cihuaton.
The polar bear claws Cihuaton.
Cihuaton is destroyed!
The bat barely misses you. You furiously retaliate!
You headbutt the bat.
You kill the bat!
You see here a smoky inky potion.
The polar bear rages.
You hit the black bear.
The black bear is lightly wounded.
You hit the polar bear but do no damage.
The polar bear is lightly wounded.
The polar bear bites you!
The polar bear claws you but does no damage. x2
You hit the polar bear. Your headbutt misses the polar bear.
The polar bear is lightly wounded.
The polar bear bites you but does no damage.
The polar bear claws you but does no damage.
The polar bear claws you.
The polar bear rages.
You hit the polar bear.
The polar bear is lightly wounded.
The black bear rages.
The polar bear rages.
The polar bear bites you!!
Ouch! That really hurt!
You die...

..#+###...##....#
#.........#
...###...###....#.#
#.#.......#
#........##....##.#
#.#.......#
###....###...[.# .#
#.#.......#
.########.....## .#
#.#.......#
...####......## .#
#.#########
............## ##.#
#.†......#
.........(### #..#
#))......####
#.......### #@#
#...†........ #########
#h####..)..##....
##hh..#..##..# .
#.......##.#.?#
#####.#..)..#....#...
.)........#...#....#...
......†...#..#?.#$## ..
......###....##..## .
...... ##....##..


You could see 2 polar bears and a black bear (berserk).

Vanquished Creatures
  2 ball pythons (D:1)
  2 endoplasms (D:1)
  2 giant cockroaches (D:1)
  A goblin (D:1)
  3 hobgoblins (D:1)
  2 quokkas (D:1)
  2 bats (D:1)
  4 kobolds (D:1)
  2 rats (D:1)
20 creatures vanquished.

Vanquished Creatures (collateral kills)
  A dart slug (D:1)
  A frilled lizard (D:1)
2 creatures vanquished.

Vanquished Creatures (others)
  An ancestor (D:1)
1 creature vanquished.

Grand Total: 23 creatures vanquished

Notes
Turn   | Place    | Note
-------+----------+-------------------------------------------
     0 | D:1      | Locuples the Minotaur Berserker began the quest for the
                  | Orb.
     0 | D:1      | Reached XP level 1. HP: 19/19 MP: 0/0
   168 | D:1      | Found a faded altar of an unknown god.
   199 | D:1      | Reached XP level 2. HP: 27/27 MP: 1/1
   206 | D:1      | Prayed at the altar of an unknown god.
   206 | D:1      | Fell from the grace of Trog
   206 | D:1      | Became a worshipper of Hepliaklqana the Forgotten
   206 | D:1      | Reached * piety under Hepliaklqana
   278 | D:1      | Noticed a black bear
   278 | D:1      | Noticed a polar bear
   278 | D:1      | Noticed a polar bear
   284 | D:1      | Mangled by a polar bear

Illustrated notes

Levels and vault maps discovered:
D:1:      dpeg_arrival_snail, layout_basic, ebering_ecumenical_altar_mist,
          minmay_pentomino_w4

Skill      XL: |  1  2 |
---------------+-------+-----
Axes           | 4 |  4.3
Fighting       | 4 |  4.2
Armour         | |  2.6
Dodging        | |  2.3

Action                     || total
---------------------------++-------
  Melee: Hand axe          ||    41
         Headbutt          ||     3
 Invoke: Ancestor Identity ||     1
 Armour: Chain mail        ||    30
         Ring mail         ||     2
  Dodge: Dodged            ||    29

Table legend: (Time is in decaauts)
 A = Elapsed time spent in this place.
 B = Non-inter-level travel time spent in this place.
 C = Inter-level travel time spent in this place.
 D = Time resting spent in this place.
 E = Time spent auto-exploring this place.
 F = Levels seen in this place.
 G = Mean time per level.
                   A        B        C        D        E       F      G
               +--------+--------+--------+--------+--------+-----+--------+
         Total |    287 |    287 |      0 |      0 |    112 |   1 |  287.0 |
       Dungeon |    287 |    287 |      0 |      0 |    112 |   1 |  287.0 |
               +--------+--------+--------+--------+--------+-----+--------+

Top non-repeatable levels by time:
     D:1: 287 daAuts
